 Dungeon Crawl Stone Soup version 0.27-a0-828-g8289197e94 (console) character file.

Game seed: 10837762123499266090

96782 jejorda2 the Phalangite (level 16, -25/189 (199) HPs)
             Began as a Merfolk Berserker on Mar 30, 2021.
             Was a High Priest of Trog.
             Killed from afar by Josephine (37 damage)
             ... with a ghostly fireball
             ... on level 14 of the Dungeon.
             The game lasted 01:01:04 (30395 turns).

jejorda2 the Phalangite (Merfolk Berserker)        Turns: 30395, Time: 01:01:05

HP:   -25/189 (199) AC: 25    Str: 27    XL:     16   Next: 17%
MP:   16/16         EV: 16    Int:  7    God:    Trog [*****.]
Gold: 1602          SH:  0    Dex: 14    Spells: 15/15 levels left

rFire    . . .     SeeInvis .   a - +2 glaive (flame)
rCold    . . .     Faith    +   (shield currently unavailable)
rNeg     . . .     Spirit   .   g - +5 scale mail of Areyful {+Inv rPois Will- Str+4}
rPois    +         Reflect  .   Q - +1 helmet
rElec    .         Harm     .   p - +0 cloak
rCorr    .         Rampage  .   R - +2 pair of gloves {Stlth+}
Will     ++...                  (boots currently unavailable)
Stlth    ..........             N - amulet of faith
HPRegen  1.41/turn              s - +4 ring of protection
MPRegen  0.15/turn              (no ring)

@: berserking, regenerating, slowed, drained, very quick
A: nimble swimmer 2, mertail
a: Renounce Religion, Evoke Invisibility, Berserk, Trog's Hand, Brothers in Arms


You were on level 14 of the Dungeon.
You worshipped Trog.
Trog was extremely pleased with you.
You visited 3 branches of the dungeon, and saw 22 of its levels.

You collected 2821 gold pieces.
You spent 1219 gold pieces at shops.

Inventory:

Hand Weapons
 a - a +2 glaive of flaming (weapon)
 f - the +6 short sword of the Lusting Lamprey {vorpal, +Fly rPois SInv Stlth+}
   (You found it on level 5 of the Dungeon)

   It inflicts extra damage upon your enemies.
   It protects you from poison.
   It lets you see invisible.
   It grants you flight.
   It makes you more stealthy.
 w - a +1 antimagic glaive
Missiles
 i - 7 javelins (quivered)
 k - 33 poisoned darts
 n - 19 curare-tipped darts
 x - 40 boomerangs
 A - 2 throwing nets
 D - 5 silver javelins
Armour
 g - the +5 scale mail of Areyful (worn) {+Inv rPois Will- Str+4}
   (You found it on level 5 of the Dungeon)

   It affects your strength (+4).
   It protects you from poison.
   It lets you turn invisible.
   It decreases your willpower.
 p - a +0 cloak (worn)
 K - the +1 scale mail of Waxkax {*Drain rElec rC+++ Will+}
   (You found it on level 14 of the Dungeon)

   It renders you almost immune to cold.
   It insulates you from electricity.
   It drains your maximum health when unequipped.
   It increases your willpower.
 O - a +2 chain mail of fire resistance
 Q - a +1 helmet (worn)
 R - a +2 pair of gloves of stealth (worn)
Jewellery
 s - a +4 ring of protection (left hand)
 N - an amulet of faith (around neck)
Wands
 o - a wand of acid (14)
 t - a wand of digging (8)
 y - a wand of iceblast (24)
 z - a wand of charming (10)
 C - a wand of polymorph (13)
 L - a wand of flame (28)
Scrolls
 c - 3 scrolls of teleportation
 q - 4 scrolls of enchant weapon
 v - 7 scrolls of fear
 B - 3 scrolls of silence
 I - 5 scrolls of identify
 J - 2 scrolls of magic mapping
Potions
 d - a potion of heal wounds
 e - 2 potions of might
 h - 3 potions of flight
 j - 3 potions of curing
 l - 7 potions of haste
 m - 7 potions of attraction
 r - 3 potions of magic
 u - 2 potions of lignification
 E - a potion of resistance
 F - a potion of ambrosia
 G - a potion of cancellation
 H - a potion of berserk rage
 P - 2 potions of mutation
Miscellaneous
 M - a lightning rod (4/4)
 S - a tin of tremorstones (2/2)


   Skills:
 - Level 14.0 Fighting
 + Level 25.9 Polearms
 - Level 6.0 Throwing
 - Level 10.0 Armour
 - Level 7.0 Dodging
 - Level 9.0 Evocations


You had 15 spell levels left.
You didn't know any spells.
Your spell library was empty.

Dungeon Overview and Level Annotations

Branches:
Dungeon (14/15)            Temple (0/1) D:7            Lair (6/6) D:10
 Shoals (0/4) Lair:2        Snake (0/4) Lair:3        Slime (0/5) Lair:6
    Orc (2/2) D:10            Elf (0/3) Orc:2        Vaults (0/5) D:13

Altars:
Qazlal
Ru
Beogh

Shops:
D:1 !   D:2 [   D:11 :   Orc:1 !   Orc:2 :*[(

Annotations:
D:10 2 transporters, CowFu's ghost, journeyman MiFi
D:14 Josephine


Innate Abilities, Weirdness & Mutations

You are quick and stealthy near water. (Stealth+, EV+, Speed+++)
Your lower body shifts to a powerful aquatic tail in water.


Message History

The red ugly thing misses you.
A red film seems to cover your vision as you go berserk!
You feel yourself moving faster!
You feel mighty!
The tengu warrior hits you from afar with a +0 bardiche!
* * * LOW HITPOINT WARNING * * *
The red ugly thing claws you.
* * * LOW HITPOINT WARNING * * *
You are engulfed in flames!!
* * * LOW HITPOINT WARNING * * *
You slice the red ugly thing!! You burn the red ugly thing.
The red ugly thing is almost dead.
The tengu warrior hits you from afar with a +0 bardiche!
* * * LOW HITPOINT WARNING * * *
You slice the red ugly thing like a ripe choko!!!
You feel the power of Trog in you as your rage grows.
You kill the red ugly thing!
Trog accepts your kill.
You closely miss the wraith.
Your tail-slap misses the wraith.
You barely miss the wraith. The wraith barely misses you.
The tengu warrior hits you from afar with a +0 bardiche!
* * * LOW HITPOINT WARNING * * *
A wraith comes into view.
You slice the wraith!! You burn the wraith.
The wraith is almost destroyed.
You closely miss the wraith.
The wraith is almost destroyed.
Josephine hits you but does no damage. The wraith hits you.
* * * LOW HITPOINT WARNING * * *
The wraith drains your vigour!
You feel yourself slow down.
The tengu warrior hits you but does no damage.
You hit the wraith but do no damage.
The wraith is almost destroyed.
You open the wraith like a pillowcase!!!
You burn the wraith.
You destroy the wraith!
Trog accepts your kill.
Josephine points at you and mumbles some strange words.
The ghostly flame explodes!
The ghostly fireball engulfs you!!!
You feel drained.
You die...

#. ...<.... # #.
#######..#.. #. #.
#....>...... ###.##
###.##.#####..#.. ......
°○#....## #....#
......####......###.##..
.................#...##
#.#Q@.)≈≈≈≈...#.####.#
#...≈@≈≈####....# ##.
#..≈≈≈###.#.##..# #.
#.≈≈≈≈#.#..## .# #.
....≈≈≈≈#.....# .# #.
##.≈≈≈≈≈#.##### # #.
#.######.# ..
#.........# .# ##
..)######.# .# ≈≈ #.###
≈.#


You could see Josephine and a tengu warrior.

Vanquished Creatures
  Gastronok (Lair:2)
  Frances (D:12)
  2 orc warlords (Orc:2)
  A dire elephant (Lair:6)
  Snorg (Orc:1)
  A vault guard (D:13)
  7 hydras
  An ice dragon (Lair:6)
  A catoblepas (Lair:6)
  3 centaur warriors
  10 death yaks
  5 two-headed ogres
  3 orc high priests (Orc:2)
  Pikel (D:7)
  3 lindwurms (Lair:6)
  A necromancer (D:13)
  A wizard (D:13)
  A deep elf archer (D:13)
  3 deep elf pyromancers (D:14)
  4 orc knights (Orc:2)
  6 orc sorcerers
  5 ugly things (D:14)
  An oklob plant (Lair:4)
  2 cyclopes
  6 manticores
  12 elephants
  6 black mambas
  5 torpor snails (Lair:6)
  Psyche (D:8)
  19 cane toads
  2 gargoyles
  3 kobold demonologists (D:12)
  12 komodo dragons
  7 rime drakes
  2 efreet
  9 hornets
  A meliai (shapeshifter) (D:13)
  5 slime creatures
  4 trolls
  2 tyrant leeches (Lair:6)
  A wolf spider simulacrum (D:14)
  Grinder (D:5)
  6 polar bears
  A snapping turtle (Lair:2)
  7 dream sheep
  7 blink frogs
  8 wyverns
  A vampire (D:8)
  A shadow (D:13)
  57 yaks
  3 wraiths
  4 fire bats (D:11)
  20 humans (D:13)
  A steam dragon (D:7)
  7 vampire mosquitoes
  A naga (Lair:3)
  4 wargs
  14 water moccasins
  A sky beast (D:5)
  7 black bears
  An ice beast (D:8)
  A necrophage (D:7)
  34 orc warriors
  10 ogres
  7 wolves
  10 centaurs
  A phantom (D:4)
  3 lemures (D:7)
  3 kobold brigands
  A gnoll sergeant (D:8)
  12 bullfrogs
  A wyvern zombie (D:9)
  5 scorpions
  4 killer bees (D:9)
  16 wights
  7 howler monkeys
  An electric eel (Lair:2)
  3 centaur zombies
  A bullfrog zombie (D:5)
  Crazy Yiuf (D:3)
  2 lava snakes (D:11)
  3 jellies
  A gnoll shaman (D:10)
  4 iguanas
  29 orc priests
  A centaur skeleton (D:4)
  Ijyb (D:5)
  27 orc wizards
  A killer bee zombie (D:4)
  A howler monkey zombie (D:8)
  10 adders
  10 gnolls
  3 white imps (D:7)
  3 ufetubi
  An adder zombie (D:5)
  2 adder skeletons
  2 dart slugs
  104 orcs
  10 ball pythons
  7 endoplasms
  5 giant cockroaches
  8 goblins
  6 hobgoblins
  4 jackals (D:2)
  6 quokkas
  6 bats
  7 frilled lizards
  18 kobolds
  7 rats
  A fire vortex (D:11)
  A plant (Lair:3)
726 creatures vanquished.

Vanquished Creatures (collateral kills)
  An orc knight (Orc:2)
  A tyrant leech (Lair:6)
  A hell hound (D:11)
  An orc warrior (Orc:2)
  2 orc priests (Orc:2)
  2 orcs (Orc:2)
  A fire vortex (D:11)
9 creatures vanquished.

Vanquished Creatures (others)
  A centaur (D:14)
  3 bushes (Lair:4)
  A fire vortex (D:11)
  31 fungi
  69 plants
105 creatures vanquished.

Grand Total: 840 creatures vanquished

Notes
Turn   | Place    | Note
-------+----------+-------------------------------------------
     0 | D:1      | jejorda2 the Merfolk Berserker began the quest for the Orb.
     0 | D:1      | Reached XP level 1. HP: 18/18 MP: 1/1
   207 | D:1      | Reached XP level 2. HP: 24/24 MP: 2/2
   259 | D:1      | Found Sydwaisemu's Distillery.
   337 | D:1      | Reached skill level 5 in Polearms
   699 | D:1      | Reached XP level 3. HP: 26/29 MP: 3/3
  1380 | D:2      | Reached ** piety under Trog
  1581 | D:2      | Reached XP level 4. HP: 37/37 MP: 4/4
  1635 | D:2      | Found Koheic's Armour Emporium.
  1709 | D:2      | Reached skill level 6 in Polearms
  2542 | D:3      | Reached XP level 5. HP: 38/42 MP: 5/5
  2692 | D:3      | Found a sacrificial altar of Ru.
  3115 | D:3      | Found a runed translucent door.
  3116 | D:3      | Noticed Crazy Yiuf
  3125 | D:3      | Killed Crazy Yiuf
  3126 | D:3      | Reached skill level 7 in Polearms
  3784 | D:2      | Bought a +1 chain mail of willpower for 165 gold pieces
  3866 | D:4      | Identified a scroll of acquirement
  3866 | D:4      | Acquired a manual of Polearms
  3872 | D:4      | Noticed a phantom
  3898 | D:4      | Killed a phantom
  3899 | D:4      | Reached skill level 8 in Polearms
  3899 | D:4      | Reached XP level 6. HP: 28/49 MP: 6/6
  4179 | D:4      | Reached skill level 9 in Polearms
  4342 | D:4      | Reached *** piety under Trog
  4559 | D:4      | Reached skill level 5 in Fighting
  4559 | D:4      | Reached XP level 7. HP: 45/56 MP: 7/7
  5090 | D:5      | Entered Level 5 of the Dungeon
  5158 | D:5      | Noticed Grinder
  5175 | D:5      | Killed Grinder
  5176 | D:5      | Reached skill level 10 in Polearms
  5227 | D:5      | Reached skill level 11 in Polearms
  5263 | D:5      | Reached skill level 12 in Polearms
  5263 | D:5      | Reached XP level 8. HP: 64/64 MP: 8/8
  5267 | D:5      | Identified the +6 short sword of the Lusting Lamprey
                  | {vorpal, +Fly rPois SInv Stlth+}
  5285 | D:5      | Identified the +5 scale mail of Areyful {+Inv rPois Will-
                  | Str+4}
  5580 | D:5      | Reached skill level 13 in Polearms
  5631 | D:5      | Reached skill level 14 in Polearms
  5760 | D:5      | Noticed Ijyb
  5945 | D:5      | Killed Ijyb
  6113 | D:6      | Reached skill level 15 in Polearms
  6214 | D:6      | Reached XP level 9. HP: 69/69 MP: 9/9
  6727 | D:7      | Noticed Pikel
  6756 | D:7      | Killed Pikel
  6757 | D:7      | Reached skill level 16 in Polearms
  6757 | D:7      | Reached skill level 5 in Armour
  6829 | D:7      | Reached skill level 17 in Polearms
  6942 | D:7      | Reached **** piety under Trog
  7044 | D:7      | Found a staircase to the Ecumenical Temple.
  7258 | D:7      | Identified the Grimoire of Paper
  7270 | D:7      | Reached skill level 18 in Polearms
  7562 | D:8      | Reached XP level 10. HP: 76/76 MP: 10/10
  7940 | D:8      | Noticed Psyche
  7974 | D:8      | Killed Psyche
  7975 | D:8      | Reached skill level 19 in Polearms
  8975 | D:9      | Found a stormy altar of Qazlal.
  8996 | D:9      | Reached skill level 20 in Polearms
  8999 | D:9      | Reached skill level 1 in Throwing
  9004 | D:9      | Reached skill level 1 in Evocations
  9055 | D:9      | Reached XP level 11. HP: 52/83 MP: 8/11
  9615 | D:9      | Reached ***** piety under Trog
  9870 | D:10     | Entered Level 10 of the Dungeon
  9946 | D:10     | Noticed a two-headed ogre
  9963 | D:10     | Killed a two-headed ogre
 10166 | D:10     | Found a staircase to the Lair.
 10230 | D:10     | Noticed a deep troll earth mage
 10234 | D:10     | Found a transporter.
 10237 | D:10     | Found a transporter.
 10239 | D:10     | Noticed CowFu's ghost (journeyman MiFi)
 10364 | D:10     | Found a staircase to the Orcish Mines.
 10365 | D:10     | Noticed a two-headed ogre
 10400 | D:10     | Killed a two-headed ogre
 10704 | D:10     | Reached skill level 5 in Throwing
 10704 | D:10     | Reached skill level 5 in Evocations
 10767 | D:10     | Noticed a two-headed ogre
 10772 | D:10     | Killed a two-headed ogre
 11094 | D:11     | Found Zusinek's Book Shoppe.
 11646 | D:11     | Reached XP level 12. HP: 93/93 MP: 12/12
 12004 | Lair:1   | Entered Level 1 of the Lair of Beasts
 12220 | Lair:1   | Noticed a five-headed hydra
 12224 | Lair:1   | Killed a two-headed hydra
 12691 | Lair:1   | Noticed a four-headed hydra
 12694 | Lair:1   | Killed a one-headed hydra
 13188 | Lair:2   | Reached skill level 10 in Fighting
 13710 | Lair:2   | Noticed Gastronok
 13725 | Lair:2   | Killed Gastronok
 13795 | Lair:2   | Reached skill level 10 in Armour
 13795 | Lair:2   | Reached XP level 13. HP: 64/103 MP: 7/13
 14056 | Lair:2   | Found a staircase to the Shoals.
 14064 | Lair:2   | Received a gift from Trog
 15028 | Lair:3   | Reached skill level 5 in Dodging
 15065 | Lair:3   | Found a staircase to the Snake Pit.
 15173 | Lair:3   | You fall into a shaft and drop 2 floors!
 16483 | Lair:3   | Reached skill level 21 in Polearms
 17633 | Lair:4   | Reached XP level 14. HP: 110/110 MP: 14/14
 17871 | Lair:4   | Reached skill level 22 in Polearms
 18442 | Lair:4   | Identified the +0 ring mail of Compression {rElec rF-
                  | Will+}
 19114 | Lair:5   | Received a gift from Trog
 19617 | Lair:6   | Entered Level 6 of the Lair of Beasts
 19810 | Lair:6   | Reached skill level 23 in Polearms
 20141 | Lair:6   | Found a staircase to the Slime Pits.
 20497 | Lair:6   | Noticed a dire elephant
 20509 | Lair:6   | Killed a dire elephant
 21748 | Lair:6   | Found a runed translucent door.
 21860 | Lair:6   | Paralysed by a hornet for 1 turns
 21887 | Lair:6   | Reached XP level 15. HP: 70/120 MP: 15/15
 22030 | Lair:6   | Received a gift from Trog
 22959 | Orc:1    | Entered Level 1 of the Orcish Mines
 22959 | Orc:1    | Noticed Snorg
 23508 | Orc:1    | Killed Snorg
 23798 | Orc:2    | Entered Level 2 of the Orcish Mines
 23932 | Orc:1    | Noticed an orc warlord
 24215 | Orc:2    | Killed an orc warlord
 24454 | Orc:1    | Found Mafong Zesch's Distillery.
 24461 | Orc:1    | Bought a potion of ambrosia for 112 gold pieces
 24461 | Orc:1    | Bought a potion of mutation for 112 gold pieces
 24958 | Orc:2    | Reached skill level 24 in Polearms
 25078 | Orc:2    | Found a staircase to the Elven Halls.
 25951 | Orc:2    | Received a gift from Trog
 25956 | Orc:2    | Noticed an orc warlord
 26127 | Orc:2    | Killed an orc warlord
 26481 | Orc:2    | Found Xuaf's Antique Armour Boutique.
 26482 | Orc:2    | Found Ocepoin's Antique Weapon Boutique.
 26487 | Orc:2    | Found Poheunao's General Store.
 26487 | Orc:2    | Found Niudd's Book Shop.
 26572 | Orc:2    | Bought a runed helmet for 195 gold pieces
 26572 | Orc:2    | Bought a pair of glowing gloves for 195 gold pieces
 26581 | Orc:2    | Bought a tin of tremorstones (2/2) for 440 gold pieces
 27292 | D:12     | Identified the +10 flail of Watchfulness {vorpal, rC+}
 27390 | D:12     | Noticed Frances
 27417 | D:12     | Killed Frances
 27930 | D:13     | Received a gift from Trog
 28157 | D:13     | Reached skill level 25 in Polearms
 28530 | D:13     | Found a gate to the Vaults.
 29221 | D:13     | Reached XP level 16. HP: 107/133 MP: 16/16
 29628 | D:14     | Identified the +1 scale mail of Waxkax {*Drain rElec rC+++
                  | Will+}
 30145 | D:14     | Received a gift from Trog
 30379 | D:14     | Noticed Josephine
 30391 | D:14     | HP: 9/199 [tengu warrior/+0 bardiche (17)]
 30395 | D:14     | Killed from afar by Josephine

Illustrated notes

Levels and vault maps discovered:
D:1:      saegor_arrival_simple_a, layout_loops_ring, serial_shops, shop,
          minmay_misc_feat_five
D:2:      layout_loops_corners, serial_shops, shop, corexii_shack
D:3:      minmay_chambers_of_threes, layout_basic, nicolae_ru_awakened_eye,
          uniq_crazy_yiuf_cottage
D:4:      layout_basic
D:5:      layout_rooms, minmay_starry_boxes, uniq_ijyb, uniq_grinder
D:6:      layout_loops_ring
D:7:      layout_loops_ring, temple_statues, minmay_misc_feat_enclosed,
          uniq_pikel
D:8:      layout_cave_pools, serial_bayou, serial_bayou_shore_b,
          serial_bayou_lagoon_a, serial_bayou_pond_d, serial_bayou_pond_a,
          kennysheep_generic_room_14, uniq_psyche
D:9:      layout_irregular_city, general_overflow_altar
D:10:     layout_roguey, erik_lair_orcish_takeover, david_orc_5,
          gammafunk_ghost_arena, minivault_16
D:11:     layout_roguey, serial_shops, shop_coins, hangedman_incinerator
D:12:     layout_roguey, uniq_frances
D:13:     layout_roguey, grunt_vaults_entry_tiered, hangedman_decor_riveting
D:14:     layout_loops_ring, serial_rivers, chequers_serial_rivers_micro_c,
          chequers_serial_rivers_small_3, chequers_serial_rivers_micro_a,
          chequers_serial_rivers_micro_a, chequers_serial_rivers_small_3,
          grunt_decor_junction, minmay_misc_feat_hallway, uniq_josephine
Lair:1:   layout_roguey, grunt_megastairs_1
Lair:2:   layout_chaotic_city, minmay_shoals_entry_hut, serial_bayou_ford_a,
          minivault_27, lemuel_fruit_fields, uniq_gastronok
Lair:3:   beast_lair_carwin_large_1, layout_small_grid,
          guppyfry_snake_entry_island, serial_bayou_shore_b
Lair:4:   layout_layer_cave, chequers_serial_rivers_small_b, dpeg_oklob_1
Lair:5:   layout_loops_ring
Lair:6:   hangedman_lair_in_review, layout_regular_city, wormcave,
          minmay_slime_entry_pillars, lemuel_fruit_fields
Orc:1:    layout_caves, serial_shops, shop, uniq_snorg
Orc:2:    st_orc_congregation, layout_diamond_mine, basic_altar

Skill      XL: |  1  2  3  4  5  6  7  8  9 10 11 12 13 14 15 |
---------------+----------------------------------------------+-----
Polearms       | 5 6 8 9 12 15 18 20 21 23 25 | 25.9
Armour         | 2 3 4 5 6 7 10 | 10.0
Fighting       | 4 5 6 8 10 12 14 | 14.0
Throwing       | 3 6 |  6.0
Evocations     | 3 6 9 |  9.0
Dodging        | 7 |  7.0

Action                   |  1- 3 |  4- 6 |  7- 9 | 10-12 | 13-15 | 16-18 || total
-------------------------+-------+-------+-------+-------+-------+-------++-------
Melee: Spear             |   120 |   143 |       |       |       |       ||   263
       Trident           |       |   143 |   283 |       |       |       ||   426
       Halberd           |       |       |    68 |   677 |    61 |       ||   806
       Unarmed           |       |       |       |     9 |       |       ||     9
       Tailslap          |       |       |       |     9 |     9 |     2 ||    20
       Glaive            |       |       |       |       |  1141 |    76 ||  1217
       Short sword       |       |       |       |       |    17 |       ||    17
Throw: Dart              |       |       |       |    10 |     4 |       ||    14
       Boomerang         |       |       |       |       |    38 |       ||    38
       Javelin           |       |       |       |       |       |     2 ||     2
Invok: Berserk           |     1 |     2 |     3 |     5 |    12 |     2 ||    25
       Trog's Hand       |       |     1 |     3 |     6 |     8 |     1 ||    19
       Brothers in Arms  |       |       |       |     1 |     4 |       ||     5
Evoke: Tin of tremorston |       |       |       |       |     1 |       ||     1
  Use: Scroll            |       |    12 |     3 |    10 |     4 |       ||    29
       Potion            |       |       |       |       |     6 |       ||     6
 Stab: Sleeping          |     2 |       |       |       |       |       ||     2
       Distracted        |       |       |       |       |     1 |       ||     1
Armor: Animal skin       |     7 |       |       |       |       |       ||     7
       Scale mail        |     5 |    41 |   133 |   207 |   469 |    58 ||   913
       Ring mail         |     5 |       |       |       |       |       ||     5
       Chain mail        |       |    65 |    21 |    12 |       |       ||    98
Dodge: Dodged            |    31 |    81 |   102 |   210 |   582 |    61 ||  1067

Table legend: (Time is in decaauts)
 A = Elapsed time spent in this place.
 B = Non-inter-level travel time spent in this place.
 C = Inter-level travel time spent in this place.
 D = Time resting spent in this place.
 E = Time spent auto-exploring this place.
 F = Levels seen in this place.
 G = Mean time per level.
                   A        B        C        D        E       F      G
               +--------+--------+--------+--------+--------+-----+--------+
         Total |  29762 |  28491 |   1271 |   2498 |  21341 |  22 | 1352.8 |
       Dungeon |  15888 |  15184 |    704 |   1332 |  11474 |  14 | 1134.9 |
          Lair |  10701 |  10320 |    381 |    695 |   8341 |   6 | 1783.5 |
  Orcish Mines |   3171 |   2986 |    185 |    470 |   1526 |   2 | 1585.5 |
               +--------+--------+--------+--------+--------+-----+--------+

Top non-repeatable levels by time:
  Lair:6: 3206 daAuts
   Orc:2: 2387 daAuts
  Lair:4: 2052 daAuts
  Lair:2: 1836 daAuts
    D:13: 1831 daAuts
    D:10: 1678 daAuts
  Lair:3: 1638 daAuts
     D:3: 1296 daAuts
     D:4: 1282 daAuts
     D:1: 1275 daAuts
     D:2: 1272 daAuts
     D:9: 1248 daAuts
     D:7: 1062 daAuts
  Lair:5: 1059 daAuts
    D:11: 969 daAuts
